 Dungeon Crawl Stone Soup version 0.26.0-15-gc6cd9f7 (webtiles) character file.

Game seed: 2967173414975362657

260 brinewave the Slasher (level 5, -3/50 HPs)
             Began as a Minotaur Monk on Jan 24, 2021.
             Was a Believer of Elyvilon.
             Slain by an ogre
             ... wielding a +0 giant club
              (14 damage)
             ... on level 5 of the Dungeon.
             The game lasted 00:12:52 (3165 turns).

brinewave the Slasher (Minotaur Monk)               Turns: 3165, Time: 00:12:52

Health: -3/50      AC:  3    Str: 16    XL:     5   Next: 95%
Magic:  3/4        EV: 13    Int:  7    God:    Elyvilon [**....]
Gold:   146        SH:  0    Dex: 13    Spells: 4/4 levels left

rFire    . . .     SeeInvis .   a - +0 falchion
rCold    . . .     Faith    .   (no shield)
rNeg     . . .     Spirit   .   p - +1 robe {Will+}
rPois    .         Reflect  .   (helmet restricted)
rElec    .         Harm     .   (no cloak)
rCorr    .         Rampage  .   (no gloves)
Will     +....                  (no boots)
Stlth    ++........             (no amulet)
HPRegen  0.16/turn              (no ring)
MPRegen  0.09/turn              (no ring)

@: no status effects
A: retaliatory headbutt, horns 2
a: Renounce Religion, Lesser Healing, Heal Other, Divine Protection


You were on level 5 of the Dungeon.
You worshipped Elyvilon.
Elyvilon was pleased with you.
You visited 1 branch of the dungeon, and saw 6 of its levels.

You collected 146 gold pieces.

Inventory:

Hand Weapons
 a - a +0 falchion (weapon)
Missiles
 g - 14 sling bullets
 i - 75 arrows
 j - 11 poisoned darts (quivered)
Armour
 p - a +1 robe of willpower (worn)
Jewellery
 o - the ring "Riekuca" {+Fly rPois MP-9 Str-2 Slay+4, unknown}
   (You found it on level 5 of the Dungeon)

   [ring of flight]

   It affects your strength (-2).
   It affects your accuracy and damage with ranged weapons and melee attacks
   (+4).
   It protects you from poison.
   It affects your magic capacity (-9).
   It lets you fly.
Wands
 b - a wand of polymorph (5)
 k - a wand of disintegration (12)
 m - a wand of acid (7)
Scrolls
 f - 3 scrolls of identify
Potions
 c - a potion of heal wounds
 d - a potion of mutation
 e - 3 potions of brilliance
 l - a potion of curing
 n - a potion of flight


   Skills:
 + Level 6.2 Fighting
 + Level 6.2 Long Blades
 - Level 3.2 Dodging
 - Level 1.5 Stealth


You had 4 spell levels left.
You didn't know any spells.
Your spell library was empty.

Dungeon Overview and Level Annotations

Branches:
Dungeon (6/15)
 Temple: D:4-7

Altars:
Elyvilon

Annotations:
D:3 Grinder
D:4 Ijyb


Innate Abilities, Weirdness & Mutations

You reflexively headbutt those who attack you in melee.
You have a pair of horns on your head.


Message History

You headbutt the worker ant!
You kill the worker ant!
You feel sick.
Found a sapphire ring.
You now have 146 gold pieces (gained 15).
You feel sick.
An ogre comes into view. It is wielding a +0 giant club.
You feel sick.
Found 2 large rocks.
You feel sick.
The ogre shouts!
You see here 2 large rocks.
Found a scroll of remove curse.
You are healed.
You feel sick.
You feel sick.
Found 16 stones.
You closely miss the ogre.
You feel sick.
You are no longer poisoned.
The ogre hits you with a +0 giant club!
You die...

###########
##?..#.....#
+.....@....# .
#(....O...## #
# ##...##...#
#.########...#
.........(.#
.........# #
##.†##...# ##
##..##...##..
.#
#.............


You could see an ogre.

Vanquished Creatures
  An orc priest (D:6)
  An orc wizard (D:6)
  A worker ant (D:5)
  4 adders
  An ooze (D:3)
  2 adder zombies
  2 worms (D:2)
  A dart slug (D:2)
  A leopard gecko (D:6)
  8 orcs
  3 giant cockroaches
  6 goblins
  10 hobgoblins
  6 jackals
  8 kobolds
  A quokka (D:3)
  A ball python (D:1)
  6 bats
  4 frilled lizards
  9 rats
76 creatures vanquished.

Vanquished Creatures (others)
  An orc (D:4)
1 creature vanquished.

Grand Total: 77 creatures vanquished

Notes
Turn   | Place    | Note
-------+----------+-------------------------------------------
     0 | D:1      | brinewave the Minotaur Monk began the quest for the Orb.
     0 | D:1      | Reached XP level 1. HP: 19/19 MP: 0/0
   110 | D:1      | Reached XP level 2. HP: 27/27 MP: 1/1
   615 | D:1      | Reached XP level 3. HP: 34/34 MP: 2/2
   787 | D:1      | You fall into a shaft and drop 1 floor!
  1239 | D:2      | Reached skill level 5 in Fighting
  1239 | D:2      | Reached skill level 5 in Long Blades
  1239 | D:2      | Reached XP level 4. HP: 42/42 MP: 3/3
  1642 | D:3      | Noticed Grinder
  1798 | D:3      | Found a white marble altar of Elyvilon.
  1852 | D:3      | Found a white marble altar of Elyvilon.
  1860 | D:3      | Became a worshipper of Elyvilon the Healer
  1860 | D:3      | Reached * piety under Elyvilon
  1860 | D:3      | Reached ** piety under Elyvilon
  1956 | D:3      | Paralysed by Grinder for 4 turns
  1963 | D:3      | Paralysed by Grinder for 3 turns
  2631 | D:4      | Noticed Ijyb
  2647 | D:5      | Entered Level 5 of the Dungeon
  2941 | D:5      | Got a sparkling tin ring
  3015 | D:6      | Reached XP level 5. HP: 38/48 MP: 4/4
  3065 | D:6      | Noticed a water moccasin
  3072 | D:6      | Pacified a water moccasin
  3140 | D:6      | Noticed an orc warrior
  3148 | D:5      | Noticed an ogre
  3165 | D:5      | Slain by an ogre

Illustrated notes

Levels and vault maps discovered:
D:1:      eino_arrival_cavern_b, layout_loops_corners, hangedman_decor_growths
D:2:      layout_rooms, minivault_26
D:3:      layout_loops_ring, nicolae_overflow_hidden_temple, grunt_ministairs_6,
          elyvilon_altar_3, uniq_grinder
D:4:      layout_gridville, minmay_temple_entry_fiery, serial_shops,
          nicolae_shop_trees, hangedman_decor_riveting, uniq_natasha,
          uniq_menkaure, uniq_blork_the_orc, uniq_ijyb, uniq_crazy_yiuf_cottage
D:5:      layout_gridville
D:6:      layout_rooms, gup_ossuary_entry_pyramid, hex_intersection

Skill      XL: |  1  2  3  4  5 |
---------------+----------------+-----
Fighting       | 4 5 6 |  6.2
Long Blades    | 4 5 6 |  6.2
Dodging        | |  3.2
Stealth        | |  1.5

Action                   |  1- 3 |  4- 6 || total
-------------------------+-------+-------++-------
Melee: Falchion          |    96 |    67 ||   163
       Headbutt          |    14 |    16 ||    30
Invok: Heal Other        |       |     2 ||     2
       Lesser Healing    |       |     1 ||     1
  Use: Scroll            |       |     9 ||     9
       Potion            |       |     1 ||     1
 Stab: Sleeping          |     4 |     1 ||     5
Armor: Robe              |    10 |       ||    10
       Leather armour    |     3 |    10 ||    13
Dodge: Dodged            |    62 |    33 ||    95
       Rpst.: Falchion   |    14 |     8 ||    22
